[Event "Late-Titled-Tuesday-Blitz-January-16-2024"]
[Site "Chess.com"]
[Date "2024.01.16"]
[Round "9"]
[White "BogdanDeac"]
[Black "dmitrijiIM"]
[Result "0-1"]
[WhiteElo "3014"]
[BlackElo "2895"]
[TimeControl "180+1"]
[EndTime "15:46:42 PST"]
[Termination "dmitrijiIM won by resignation"]

1. d4 Nf6 2. Bf4 e6 3. e3 d5 4.
Nf3 c5 5. Nbd2 Nc6 6. c3 cxd4 7. exd4 Nh5 8. Be3 Bd6 9. g3 O-O 10. Bd3 f5 11. Ne5 Nf6 12. f4 Bd7 13. O-O Be8 14. Be2 Ne4 15. Nxe4 fxe4 16. c4 Ne7 17. c5 Bxe5 18.
fxe5 Rxf1+ 19. Kxf1 Nf5 20. Qd2 a6 21. Bg5 Qc7 22. g4 Ne7 23. Kg2 Bb5 24. Bxe7 Bxe2 25. Qxe2 Qxe7 26. Rf1 Rf8 27. Rxf8+ Qxf8 28. Qe3 h6 29. b4 Qe8 30. Qb3 Qg6 31. h3 Qg5 32. Qc3 Qf4 33. c6 bxc6 34. Qxc6 Qf3+ 35. Kh2 Qf2+ 36. Kh1 e3 37. Qxe6+ Kh8 38. Qxd5 e2 39. Qa8+ Kh7 40. Qe4+ Kg8 41. Qa8+ Qf8 42. Qd5+ Qf7 43.
Qa8+ Qf8 44. Qd5+ Kh8 45. Qe4 Qf1+ 46. Kh2 e1=Q 47. Qxe1 Qxe1 48. Kg2 Qd2+ 49. Kf3 Qxd4 0-1

[Event "Late-Titled-Tuesday-Blitz-January-16-2024"]
[Site "Chess.com"]
[Date "2024.01.16"]
[Round "9"]
[White "Mikhail_Golubev"]
[Black "Godzillator"]
[Result "0-1"]
[WhiteElo "2494"]
[BlackElo "2357"]
[TimeControl "180+1"]
[EndTime "15:46:44 PST"]
[Termination "Godzillator won on time"]

1. e4 d5 2. exd5 Qxd5 3. Nf3 Bg4 4. Be2 c6 5. d4 Nf6 6. O-O e6 7. c4 Qd8 8. h3 Bh5 9. Nc3 Be7 10. Be3 O-O 11. Qb3 b6 12. Rad1 Qc8 13. Rfe1 Nbd7 14.
Ne5 Bxe2 15. Rxe2 Nxe5 16. dxe5 Nd7 17. f4 Rd8 18. Ne4 Qc7 19. Red2 h6 20. Nd6 Nf8 21. Qc2 Rd7 22. f5 exf5 23. Qxf5 Bxd6 24. exd6 Qd8 25. b4 Qf6 26. Qxf6 gxf6 27. Bxh6 Ng6 28. Be3 Ne5 29. Rd4 c5 30. bxc5 bxc5 31. Rf4 Rc8 32. Kf2 Kg7 33.
Rd5 Rc6 34. Ke2 Rcxd6 35. Rxd6 Rxd6 36. Bxc5 Rc6 37. Bxa7 Ra6 38. Be3 Rxa2+ 39. Bd2 Rc2 40. g4 Nxc4 41. Rd4 Nxd2 42. Rxd2 Rc3 43. Kf2 Rxh3 44.
Kg2 Ra3 45. Rf2 Kg6 46. Rf5 Ra4 47. Kg3 Ra3+ 48. Kg2 Re3 49. Kh2 Re5 50. Rf3 f5 51.
gxf5+ Rxf5 52. Rc3 Rg5 53. Rc6+ f6 54. Rc3 Kf5 55.
Rf3+ Ke5 56. Re3+ Kf4 57. Re1 f5 58. Rf1+ Ke4 59. Re1+ Kf3 60. Re5 Kf2 0-1

[Event "Late-Titled-Tuesday-Blitz-January-16-2024"]
[Site "Chess.com"]
[Date "2024.01.16"]
[Round "9"]
[White "frederiksvane"]
[Black "Grischuk"]
[Result "0-1"]
[WhiteElo "2895"]
[BlackElo "3069"]
[TimeControl "180+1"]
[EndTime "15:46:47 PST"]
[Termination "Grischuk won on time"]

1. e4 e5 2. Nf3 Nc6 3. Bb5 a6 4. Ba4 Nf6 5. O-O Be7 6. Bxc6 dxc6 7. d3 Nd7 8. Nc3 O-O 9. a4 b6 10. Be3 c5 11. Nd5 Bd6 12. Nd2 Nb8 13. Nc4 Nc6 14.
a5 b5 15. Nxd6 cxd6 16. f4 exf4 17. Bxf4 Be6 18. Qd2 f6 19. Ne3 Ra7 20. Kh1 Raf7 21. Bg3 Nd4 22. b4 Nc6 23. c3 Qd7 24. Nf5 Bxf5 25.
Rxf5 cxb4 26. Rd5 bxc3 27. Qxc3 Ne5 28. Qb4 Rd8 29. Rc1 h6 30. h3 Kh7 31. Kh2 Re7 32.
Qd4 Re6 33. Qb6 Rc8 34. Rxc8 Qxc8 35. Rxd6 Nd7 36. Qd4 Rxd6 37. Qxd6 Qb7 38. d4 b4 39.
d5 b3 40. Qc6 Qb5 41. Qxb5 axb5 42. a6 b2 43. a7 Nb6 44. d6 b1=Q 45. d7 Qd3 0-1

[Event "Late-Titled-Tuesday-Blitz-January-16-2024"]
[Site "Chess.com"]
[Date "2024.01.16"]
[Round "9"]
[White "Filipets"]
[Black "GianmarcoVaR"]
[Result "1-0"]
[WhiteElo "2585"]
[BlackElo "2726"]
[TimeControl "180+1"]
[EndTime "15:46:47 PST"]
[Termination "Filipets won by resignation"]

1. c4 g6 2. Nf3 Bg7 3. g3 c5 4.
Bg2 Nc6 5. O-O d6 6. Nc3 e5 7. a3 Nge7 8. Rb1 a5 9. Ne1 O-O 10.
Nc2 Be6 11. d3 Qd7 12. b4 axb4 13. axb4 f5 14. bxc5 dxc5 15. Ne3 Nb4 16. Qb3 f4 17.
Ned5 Nexd5 18. Nxd5 Bxd5 19. cxd5 Kh8 20. Bd2 Ra4 21.
d6 b5 22. Bxb4 Rxb4 23. Qd5 Rd4 24. Qxc5 Qxd6 25. Rxb5 Qxc5 26. Rxc5 Rd7 27. Be4 Bf6 28. Kg2 Kg7 29. Rb1 Rfd8 30. Rb6 Rd6 31. Rc7+ R6d7 32.
Rcc6 Rf8 33. Re6 Re7 34. Rec6 Rd7 35. Ra6 Re7 36. Bd5 Rd7 37. Bc4 Re7 38. Rd6 Bg5 39.
h4 Bf6 40. Bd5 Rc7 41. Be4 Re7 42. Kh3 Rc7 43. Kg4 Re7 44. h5 gxh5+ 45. Kxh5 fxg3 46.
fxg3 Rc7 47. g4 h6 48. Bd5 Re7 49. Rdc6 Rd7 50. Be6 Rb7 51. Bf5 Rff7 52. Rc8 Rb1 53. g5 Rh1+ 54. Kg4 Rg1+ 55. Kf3 Bxg5 56. e4 Rf1+ 57.
Ke2 Rh1 58. Rg6+ Kh7 59. Rxg5+ Rxf5 60. Rxf5 1-0

[Event "Late-Titled-Tuesday-Blitz-January-16-2024"]
[Site "Chess.com"]
[Date "2024.01.16"]
[Round "9"]
[White "Beca95"]
[Black "Practical-Play"]
[Result "1-0"]
[WhiteElo "2954"]
[BlackElo "2541"]
[TimeControl "180+1"]
[EndTime "15:46:48 PST"]
[Termination "Beca95 won by checkmate"]

1. d4 Nf6 2. c4 d5 3. cxd5 Nxd5 4.
e4 Nf6 5. Nc3 e5 6. Nf3 exd4 7.
Nxd4 Bc5 8. Ndb5 Qxd1+ 9. Kxd1 Na6 10. f3 Be6 11. Bf4 O-O-O+ 12. Kc1 Rd7 13. Be2 Rhd8 14. Rd1 Nb4 15. Rxd7 Rxd7 16. a3 Nc6 17. Na4 Bg1 18. Kc2 Bd4 19. Rd1 a6 20. Nbc3 b5 21. Nxb5 axb5 22.
Bxb5 Be5 23. Bxc6 Rxd1 24. Bxe5 Rg1 25. Nc5 Rxg2+ 26. Kc3 Nd7 27. Nxd7 Bxd7 28. Bd5 f6 29. Bg3 h5 30. f4 g5 31. e5 gxf4 32. Bxg2 fxg3 33.
exf6 Be6 34. hxg3 Kd8 35. a4 Ke8 36. a5 Bc8 37. Kd4 Kf7 38. Ke5 Ba6 39. Bc6 Be2 40. b4 Ba6 41. b5 Bc8 42. a6 h4 43. gxh4 Bg4 44. a7 Bd7 45. a8=Q Bxc6 46. Qxc6 Kg6 47. f7+ Kh7 48. Qxc7 Kh6 49. f8=Q+ Kg6 50. Qcg7+ Kh5 51.
Qfh8# 1-0

[Event "Late-Titled-Tuesday-Blitz-January-16-2024"]
[Site "Chess.com"]
[Date "2024.01.16"]
[Round "9"]
[White "masnyszachistaaa"]
[Black "karinachess1"]
[Result "1-0"]
[WhiteElo "2529"]
[BlackElo "2619"]
[TimeControl "180+1"]
[EndTime "15:46:49 PST"]
[Termination "masnyszachistaaa won on time"]

1. d4 Nf6 2. Nf3 e6 3. g3 d5 4. Bg2 b5 5. O-O Be7 6. a4 b4 7. c4 O-O 8. Qc2 Bb7 9. Nbd2 c5 10. dxc5 Na6 11. c6 Bxc6 12. Ne5 Bb7 13. Rd1 Qc7 14.
Ndf3 Rac8 15. Bf4 Qa5 16. Nd2 Nc5 17. Nb3 Nxb3 18. Qxb3 Qa6 19. Rac1 dxc4 20. Bxb7 Qxb7 21. Rxc4 Nd5 22. Bd2 a5 23. Rdc1 Nb6 24. Rxc8 Rxc8 25. Rxc8+ Qxc8 26. Nf3 Bf6 27. Be3 Nd5 28. Bd4 Bxd4 29.
Nxd4 Qc5 30. Qc2 Qxc2 31. Nxc2 Kf8 32. e4 Nb6 33. b3 Ke7 34. Kf1 Kd6 35. Ke2 Kc5 36.
Kd3 Nd7 37. f4 e5 38. Ne3 exf4 39. gxf4 g5 40. Nc4 gxf4 41. Nxa5 Ne5+ 42. Ke2 Kd4 43. Nb7 Kc3 44. Nc5 Kd4 45. Nb7 Kxe4 46. a5 f3+ 47. Kf1 1-0

[Event "Late-Titled-Tuesday-Blitz-January-16-2024"]
[Site "Chess.com"]
[Date "2024.01.16"]
[Round "9"]
[White "Rdeux42"]
[Black "AEMEffi"]
[Result "0-1"]
[WhiteElo "2452"]
[BlackElo "2366"]
[TimeControl "180+1"]
[EndTime "15:46:49 PST"]
[Termination "AEMEffi won on time"]

1. e4 e5 2. Nf3 Nc6 3. Nc3 Nf6 4. d4 exd4 5. Nxd4 Bb4 6. Nxc6 dxc6 7. Qxd8+ Kxd8 8. Bg5 Bxc3+ 9. bxc3 h6 10. O-O-O+ Ke7 11. Bf4 Be6 12. f3 Rhd8 13. Be2 Bxa2 14. c4 b5 15. Kb2 Bxc4 16. Bxc4 bxc4 17. Bxc7 Rxd1 18. Rxd1 Ne8 19. Be5 f6 20. Bg3 g5 21. Kc3 h5 22.
h3 h4 23. Bh2 Rd8 24. Ra1 Rd7 25. Bg1 Nd6 26. Bc5 Ke6 27. Ra6 Rc7 28. Bxd6 Kxd6 29.
Kxc4 Rb7 30. Kc3 Kc5 31. Ra5+ Kd6 32. Rf5 Ke6 33. Rc5 Kd6 34. Ra5 Ke6 35. Ra4 Kd6 36.
Rd4+ Ke5 37. Rd8 Kf4 38. Rf8 Kg3 39. Rxf6 Kxg2 40. Rf5 Rg7 41. e5 Kxh3 42. e6 Kg3 43.
Kd4 h3 44. Rf7 Rg6 45. e7 Re6 46.
Rg7 h2 47. Rxg5+ Kxf3 0-1

[Event "Late-Titled-Tuesday-Blitz-January-16-2024"]
[Site "Chess.com"]
[Date "2024.01.16"]
[Round "9"]
[White "IlanSchnaider"]
[Black "vugarrasulov"]
[Result "0-1"]
[WhiteElo "2801"]
[BlackElo "2973"]
[TimeControl "180+1"]
[EndTime "15:46:51 PST"]
[Termination "vugarrasulov won by checkmate"]

1. e4 e5 2. Nf3 Nc6 3. Bc4 Nf6 4. d3 Be7 5. O-O O-O 6. a4 d6 7. Nc3 Be6 8. Nd5 Bxd5 9. exd5 Nb4 10. d4 e4 11. Nd2 Nbxd5 12. Nxe4 Nb6 13. Bd3 Nxe4 14. Bxe4 d5 15. Bd3 c6 16. a5 Nc4 17. Bxc4 dxc4 18. Qe2 Bf6 19. Qxc4 Qxd4 20. Qxd4 Bxd4 21. c3 Bf6 22.
Be3 Rfd8 23. Rfd1 Rxd1+ 24. Rxd1 Rd8 25. Rxd8+ Bxd8 26. Bxa7 Bxa5 27. Be3 f5 28. g3 Kf7 29. Kf1 Ke6 30. Ke2 b5 31. Kd3 Bc7 32. f4 g6 33. Bd4 Bd6 34. Be3 Be7 35. c4 h6 36. b3 g5 37. Bd2 g4 38. Be3 h5 39.
Bf2 Bf6 40. Bd4 Bd8 41. Bc3 h4 42. Bd4 h3 43. Be3 Bc7 44. Bd2 Bd6 45. Be3 Bb4 46. Bd2 bxc4+ 47. bxc4 Be7 48. Be3 Bd6 49. Bd2 Kd7 50. Be3 Kc8 51. Bd4 Kb7 52. Be3 Ka6 53.
Bd2 Bc5 54. Be3 Bxe3 55. Kxe3 c5 56. Kd2 Ka5 57. Kc3 Ka4 58. Kc2 Kb4 59. Kd3 Kb3 60. Kd2 Kxc4 61. Ke3 Kc3 62. Ke2 c4 63. Ke3 Kb2 64.
Kd4 c3 65. Ke5 c2 66. Kxf5 c1=Q 67. Kxg4 Qf1 68. f5 Qg2 69. f6 Qxh2 70. f7 Qf2 71. f8=Q Qxf8 72. Kxh3 Kc3 73. Kg4 Kd4 74. Kg5 Ke5 75.
g4 Qg7+ 76. Kh5 Kf4 77. g5 Qxg5# 0-1

[Event "Late-Titled-Tuesday-Blitz-January-16-2024"]
[Site "Chess.com"]
[Date "2024.01.16"]
[Round "9"]
[White "Cambek64"]
[Black "jinbojinbo"]
[Result "0-1"]
[WhiteElo "2474"]
[BlackElo "2656"]
[TimeControl "180+1"]
[EndTime "15:46:51 PST"]
[Termination "jinbojinbo won on time"]

1. e4 c5 2. Nc3 Nc6 3. d3 g6 4. Be3 d6 5. d4 cxd4 6. Bxd4 Nxd4 7. Qxd4 Nf6 8. e5 dxe5 9. Bb5+ Bd7 10. Qxe5 Bg7 11.
O-O-O O-O 12. Bxd7 Nxd7 13. Qb5 Qc7 14. Qxd7 Qb6 15. Nge2 Qxf2 16. Qd5 b5 17. Qf3 Qc5 18. Rd5 Qc7 19. Rxb5 Rac8 20. Rd1 a6 21. Rb7 Qe5 22. h3 Rc5 23. Kb1 h5 24. a3 Rcc8 25. Rdd7 Rfe8 26.
Qd5 Qf6 27. Qf3 Qg5 28. Ne4 Qe5 29. N2c3 Rc4 30. Qd3 Rcc8 31. Qd5 Qf4 32. g3 Qf1+ 33. Ka2 Qf3 34. Rxe7 Rxe7 35. Rxe7 Bxc3 36. Nxc3 Qf2 37. Qe4 Rf8 38. g4 h4 39. g5 Qg3 40. Nd5 Qxg5 41. Re5 Qd8 42. Re7 Qd6 43. Qd4 Rd8 0-1

[Event "Late-Titled-Tuesday-Blitz-January-16-2024"]
[Site "Chess.com"]
[Date "2024.01.16"]
[Round "9"]
[White "Bastiandash"]
[Black "GMCorinnaKopff"]
[Result "1-0"]
[WhiteElo "2503"]
[BlackElo "2327"]
[TimeControl "180+1"]
[EndTime "15:46:52 PST"]
[Termination "Bastiandash won by checkmate"]

1. d4 Nf6 2. c4 g6 3. Nc3 Bg7 4.
e4 d6 5. f3 O-O 6. Nge2 c5 7.
Be3 Nc6 8. d5 Ne5 9. Ng3 h5 10.
Be2 e6 11. Nf1 exd5 12. cxd5 a6 13. a4 Bd7 14. Nd2 b5 15. axb5 axb5 16. Rxa8 Qxa8 17. Nxb5 Qa6 18. Nc3 Nd3+ 19. Bxd3 Qxd3 20. Qe2 Qc2 21. Nc4 Qb3 22. Nxd6 Ra8 23. O-O h4 24. Rd1 Nh5 25. Bxc5 Nf4 26. Qd2 Be5 27. g3 Nh3+ 28.
Kg2 Rb8 29. f4 Bg7 30. f5 Ng5 31. Qxg5 Qxb2+ 32. Rd2 Qxc3 33. Qe3 h3+ 34. Kxh3 Qe5 35. Nc4 Qc7 36. Bd6 Qxc4 37. Bxb8 Qc8 38. Bf4 gxf5 39.
Kg2 fxe4 40. Qxe4 Bf5 41. Qf3 Bh3+ 42. Kf2 Bg4 43. Qe3 Qf5 44. d6 Qh5 45. h4 Bd7 46. Re2 Qg4 47. Rd2 Qh3 48. Qf3 Qf5 49. Be3 Qa5 50. Qf4 Kf8 51. Bd4 f6 52. Bxf6 Bxf6 53. Qxf6+ Ke8 54. Qe7# 1-0

[Event "Late-Titled-Tuesday-Blitz-January-16-2024"]
[Site "Chess.com"]
[Date "2024.01.16"]
[Round "9"]
[White "babero_gordo"]
[Black "gxbg2000"]
[Result "1-0"]
[WhiteElo "1985"]
[BlackElo "2055"]
[TimeControl "180+1"]
[EndTime "15:46:52 PST"]
[Termination "babero_gordo won by checkmate"]

1. e4 e5 2. Nf3 Nc6 3. d4 exd4 4. Bc4 d6 5. Nxd4 Nf6 6. Nc3 Be7 7. O-O O-O 8. h3 Nxe4 9. Nxc6 Nxc3 10. Nxe7+ Qxe7 11. bxc3 c6 12. Ba3 Rd8 13. Qf3 Be6 14. Rfe1 Qd7 15.
Bxe6 fxe6 16. Rad1 d5 17. Qg4 Re8 18. Re5 b6 19. Rde1 c5 20. Rxe6 Rxe6 21. Qxe6+ Qxe6 22. Rxe6 Kf7 23. Re5 Rd8 24. Kf1 Kf6 25. f4 g6 26.
g4 d4 27. cxd4 Rxd4 28. Bb2 Rxf4+ 29. Ke2 Rb4 30. Bc3 Rb1 31. Rxc5+ Kf7 32. Rc7+ Ke6 33. Rxa7 h5 34. gxh5 gxh5 35. Rh7 Rb5 36. Kf3 Rf5+ 37. Kg3 Rc5 38. Rh6+ Kf7 39. Bd4 Rxc2 40. Bxb6 Rxa2 41. Kh4 Ra3 42. Rxh5 Ra4+ 43. Kg5 Rb4 44. Be3 Rb3 45. Bf4 Rb5+ 46. Kg4 Rb4 47. Rf5+ Kg6 48. Rg5+ Kh7 49. h4 Ra4 50. h5 Rc4 51. Kf5 Rc5+ 52. Kf6 Rc6+ 53. Ke7 Rc4 54. Be5 Kh6 55. Rf5 Rh4 56.
Bf4+ Kh7 57. Kf7 Rh1 58. Rf6 Rxh5 59. Bd6 Rd5 60. Be7 Rd1 61. Rf3 Rh1 62. Rg3 Kh6 63. Kf6 Rf1+ 64. Ke6 Re1+ 65. Kf7 Rf1+ 66. Bf6 Rh1 67. Bg7+ Kh5 68. Bf6 Kh6 69. Rg8 Rg1 70.
Rh8# 1-0

[Event "Late-Titled-Tuesday-Blitz-January-16-2024"]
[Site "Chess.com"]
[Date "2024.01.16"]
[Round "9"]
[White "ShahMatKanal"]
[Black "Smile2005"]
[Result "1-0"]
[WhiteElo "2523"]
[BlackElo "2356"]
[TimeControl "180+1"]
[EndTime "15:46:53 PST"]
[Termination "ShahMatKanal won by checkmate"]

1. e4 c5 2. Nf3 e6 3. d4 cxd4 4. Nxd4 a6 5. c4 Nf6 6. Bd3 Qc7 7. Nc3 Bb4 8. O-O O-O 9. Bd2 Nc6 10. Nc2 Bc5 11. Be3 Ne5 12. Bxc5 Qxc5 13. Ne3 b5 14. cxb5 Nxd3 15. Qxd3 axb5 16. a3 Bb7 17. b4 Qc6 18. Qxb5 Qxb5 19. Nxb5 Ba6 20. Nc7 Bxf1 21. Nxa8 Bd3 22.
Nb6 Rb8 23. Rd1 Bb5 24. Nbc4 Nxe4 25. Na5 d5 26. f3 Nc3 27. Rd2 Nb1 28. Ra2 f6 29. Kf2 Rc8 30. Nb3 Nc3 31. Rc2 Ba4 32. Rb2 Nb5 33. Nc5 d4 34. Nxa4 dxe3+ 35. Kxe3 Ra8 36.
Nc5 Rxa3+ 37. Kf2 Kf7 38. Rd2 e5 39. Rd7+ Kg6 40. g4 Nd4 41. h4 Rxf3+ 42. Kg2 h5 43. gxh5+ Kxh5 44. Rxg7 Kxh4 45. Nd7 Rb3 46. Nxf6 Nf5 47.
Rg4# 1-0

[Event "Late-Titled-Tuesday-Blitz-January-16-2024"]
[Site "Chess.com"]
[Date "2024.01.16"]
[Round "9"]
[White "APOKALIPSA13"]
[Black "angelgab3"]
[Result "0-1"]
[WhiteElo "2189"]
[BlackElo "2594"]
[TimeControl "180+1"]
[EndTime "15:46:55 PST"]
[Termination "angelgab3 won on time"]

1. e4 e5 2. d4 exd4 3. Qxd4 Nc6 4. Qe3 Nge7 5. c4 Ng6 6. Bd2 Bb4 7.
Bxb4 Nxb4 8. Qc3 Qe7 9. Nd2 O-O 10. a3 Nc6 11. O-O-O d6 12. g3 f5 13. exf5 Bxf5 14. f4 Rae8 15. Bg2 Qe3 16. Bd5+ Kh8 17. Nf3 Qxc3+ 18.
bxc3 Nd8 19. Nd4 Bg4 20. Rde1 c6 21. Bg2 h5 22. h3 Bd7 23. Ne4 h4 24. f5 Ne5 25.
Ref1 Nxc4 26. Rf4 hxg3 27. Rh4+ Kg8 28. Nxg3 Ne3 29. Rg1 Nxf5 30. Ngxf5 Bxf5 31. Rh5 Bd7 32. Rg5 Re7 33. h4 Ne6 34. Nxe6 Bxe6 35. h5 Rf6 36.
Be4 Kh8 37. Bd3 Bd7 38. Kb2 Be8 39. R1g3 Rh6 40. Rh3 Re5 41. Rxe5 dxe5 42. Be2 g6 43. Re3 gxh5 44. Rxe5 Bf7 45. Re7 Re6 46. Rxf7 Rxe2+ 47. Kb3 b5 48. Rxa7 h4 49. Rc7 Re6 50. c4 h3 51. Rf7 Re3+ 52. Kb4 Re4 53. Kc5 Rxc4+ 54. Kb6 h2 55. Rf1 Rc2 56. Rh1 Kg7 57. Ka5 Kg6 58. Kb4 Kg5 59. a4 bxa4 60. Kxa4 Kg4 61. Kb3 Rf2 62. Kc4 Kg3 63. Kc5 Kg2 0-1

[Event "Late-Titled-Tuesday-Blitz-January-16-2024"]
[Site "Chess.com"]
[Date "2024.01.16"]
[Round "9"]
[White "platy3"]
[Black "GMKrikor"]
[Result "0-1"]
[WhiteElo "2871"]
[BlackElo "2751"]
[TimeControl "180+1"]
[EndTime "15:46:56 PST"]
[Termination "GMKrikor won by resignation"]

1. Nf3 d5 2. e3 Nf6 3. c4 e6 4. b3 a6 5. Bb2 Bd6 6. Nc3 b6 7. cxd5 exd5 8. g3 O-O 9. Bg2 Bb7 10. O-O Re8 11. d4 Nbd7 12. Rc1 Qe7 13. Ne2 a5 14. Nf4 c6 15. Qc2 Rac8 16. Rfd1 g6 17. Nd3 Ne4 18. Nde5 Nxe5 19. dxe5 Ba3 20. Bh3 Rcd8 21. Bxa3 Qxa3 22.
Nd4 Rxe5 23. Nxc6 Bxc6 24. Qxc6 Qxa2 25. Qc2 Qxc2 26. Rxc2 Nc5 27. Rb2 Re4 28. Bg2 Rb4 29. Bxd5 Kg7 30. Rbd2 Nxb3 31. Rd3 Nc5 32. R3d2 a4 33. Kg2 a3 34. Ra2 Ra4 35. f3 f5 36. Kf2 Kf6 37. Ke2 Ke5 38. f4+ Kf6 39.
Rad2 Ke7 40. h4 Rd6 41. Ba2 Rxd2+ 42. Rxd2 Ne4 43. Rc2 Kd6 44. Kf3 h5 45. Rc8 b5 46.
Rb8 Nc3 47. Bb3 a2 48. Bxa2 Rxa2 49. Rb6+ Kc5 50. Rxg6 Ne4 0-1

[Event "Late-Titled-Tuesday-Blitz-January-16-2024"]
[Site "Chess.com"]
[Date "2024.01.16"]
[Round "9"]
[White "GlavkonVVS"]
[Black "ChessSwole"]
[Result "0-1"]
[WhiteElo "2480"]
[BlackElo "2666"]
[TimeControl "180+1"]
[EndTime "15:46:57 PST"]
[Termination "ChessSwole won on time"]

1. c4 g6 2. Nc3 Bg7 3. Nf3 e6 4. d4 Ne7 5. e4 d5 6. Bg5 O-O 7. Be2 h6 8. Bh4 g5 9. Bg3 dxe4 10. Nxe4 Nf5 11. Be5 Nc6 12. Bxg7 Kxg7 13. d5 exd5 14. cxd5 Nce7 15. Nc3 Ng6 16. O-O Re8 17.
Bb5 Bd7 18. Bd3 Qf6 19. Qb3 g4 20. Bxf5 Bxf5 21. Nd2 Qb6 22. Nc4 Qa6 23. Rfe1 Bd3 24. Ne3 h5 25. Rad1 Nf4 26. Qb4 Qf6 27. Rd2 b6 28.
Red1 Bg6 29. d6 c5 30. Qa4 a6 31. d7 Red8 32. Rd6 Qe5 33. Rxb6 Nd3 34. Rxg6+ fxg6 35. Rxd3 Rab8 36. Qc2 h4 37. Rd5 Qe6 38. g3 hxg3 39. hxg3 Rxd7 40. b3 Rbd8 41. Qd2 Rxd5 42. Ncxd5 Qe5 43. Qc3 Qd4 44. Qc4 Kh7 45. Nf4 Qxc4 46. bxc4 Rd2 47. Ne6 Rxa2 48. Nxc5 a5 49. Ne6 a4 50. c5 a3 51. Nc4 Ra1+ 52. Kg2 a2 53. c6 Rc1 54. Ng5+ Kg8 55. Ne5 a1=Q 0-1

[Event "Late-Titled-Tuesday-Blitz-January-16-2024"]
[Site "Chess.com"]
[Date "2024.01.16"]
[Round "9"]
[White "C_K_G"]
[Black "carloseduar100"]
[Result "0-1"]
[WhiteElo "2086"]
[BlackElo "2299"]
[TimeControl "180+1"]
[EndTime "15:46:57 PST"]
[Termination "carloseduar100 won on time"]

1. e4 e6 2. Nf3 d5 3. Nc3 c5 4. exd5 exd5 5. d4 Nf6 6. dxc5 Bxc5 7. Bb5+ Bd7 8. O-O O-O 9. Bg5 Bxb5 10. Nxb5 Nc6 11.
Bxf6 Qxf6 12. Qxd5 Bb6 13. c3 Rad8 14. Qg5 Qxg5 15. Nxg5 a6 16. Na3 Rd2 17. Nc4 Rd5 18. Nxh7 Bxf2+ 19. Rxf2 Kxh7 20. Raf1 f6 21. Ne3 Rb5 22.
g3 Ne5 23. b3 Rd8 24. Nf5 Rd3 25. c4 Ra5 26. Kg2 Ng4 27. Re2 g6 28. Re7+ Kh8 29.
Re8+ Kh7 30. Re7+ Kg8 31. Rg7+ Kf8 32. Rxg6 Rxa2+ 33. Kh3 Nxh2 34. Rxf6+ Ke8 35. Re1+ Kd7 36. Re7+ Kc8 37. Rf8+ Rd8 38. Rxd8+ Kxd8 39. Rxb7 Nf3 40. g4 Ng5+ 41. Kh4 Ne4 42. Kh5 Rh2+ 43. Kg6 Rg2 44. Nh6 Rg3 45. b4 Nd6 46. Ra7 Nxc4 47. Rxa6 Kc7 48. b5 Ne5+ 49. Kf5 Nd7 50. g5 Rf3+ 51. Kg4 Rf1 0-1

[Event "Late-Titled-Tuesday-Blitz-January-16-2024"]
[Site "Chess.com"]
[Date "2024.01.16"]
[Round "9"]
[White "protectiago"]
[Black "IraZyne"]
[Result "1/2-1/2"]
[WhiteElo "2054"]
[BlackElo "2243"]
[TimeControl "180+1"]
[EndTime "15:46:58 PST"]
[Termination "Game drawn by repetition"]

1. d4 d5 2. c4 e6 3. Nf3 c6 4.
g3 f5 5. Bg2 Bd6 6. b3 Nf6 7. O-O Qe7 8. a4 O-O 9. Ba3 Bb4 10. Ne5 a5 11. c5 Na6 12. Bb2 Bd7 13. Nd2 Be8 14. Ndf3 Bh5 15. Rc1 Bxf3 16. Bxf3 Ne4 17.
Rc2 g5 18. Bg2 Qg7 19. f3 Nf6 20. e4 dxe4 21. fxe4 fxe4 22. Re2 Rad8 23. Bxe4 Nxc5 24. Bc2 Ncd7 25. Nxd7 Qxd7 26. Re5 h6 27. Qd3 Rde8 28. Rfe1 Nd5 29. Qg6+ Qg7 30. Qxg7+ Kxg7 31. Rxe6 Rxe6 32. Rxe6 Rf6 33. Re8 Rf7 34. Bd3 Re7 35. Rxe7+ Nxe7 36. d5+ Kf7 37. dxc6 Nxc6 38. Bc4+ Kg6 39. Kg2 Kf5 40. h3 h5 41. Bd3+ Ke6 42. Bg6 h4 43. gxh4 gxh4 44. Be4 Be7 45. Kf3 Ne5+ 46. Bxe5 Kxe5 47. Bxb7 Bf6 48.
Bc8 Be7 49. Bd7 Bf6 50. Be8 Be7 51. Bf7 Bf6 52. Bc4 Be7 53. Kg4 Bf6 54. Kf3 Be7 55. Kg4 Bf6 56. Bb5 Be7 57. Bc4 1/2-1/2

[Event "Late-Titled-Tuesday-Blitz-January-16-2024"]
[Site "Chess.com"]
[Date "2024.01.16"]
[Round "9"]
[White "Goryachkina"]
[Black "dosto07"]
[Result "1-0"]
[WhiteElo "2692"]
[BlackElo "2541"]
[TimeControl "180+1"]
[EndTime "15:46:59 PST"]
[Termination "Goryachkina won on time"]

1. e4 e5 2. Nc3 Nf6 3. g3 d5 4.
exd5 Nxd5 5. Bg2 Nxc3 6. bxc3 Nc6 7. Nf3 Bc5 8. O-O O-O 9. Rb1 Bb6 10. d3 Bg4 11. h3 Bh5 12. Qe1 f6 13. Be3 Qd7 14. g4 Bf7 15. Nh4 Bxa2 16. Rb2 Bd5 17. Bxd5+ Qxd5 18. c4 Qd7 19. c5 Ba5 20. Qb1 b6 21. Nf5 Ne7 22. Qa2+ Kh8 23. Ng3 Nd5 24. Qc4 Rab8 25.
c6 Qf7 26. Nf5 Ne7 27. Nxe7 Qxe7 28. f4 Rfe8 29. f5 Qd6 30. Qe4 Red8 31. Rb3 Bc3 32. Rxc3 a5 33. Rc4 b5 34. Rc3 a4 35. Bc5 Qd5 36.
Qxd5 Rxd5 37. Rb1 g6 38. Kf2 Kg7 39. Ke3 Ra8 40. Ke4 Rdd8 41. Rxb5 Ra6 42. Ba3 Kf7 43. Rb7 Rd4+ 44. Ke3 gxf5 45. gxf5 Kg7 46. Rxc7+ Kh6 47. Rb7 Rh4 48. c7 Rxh3+ 49. Kf2 Ra8 50. c8=Q Rxc8 51. Rxc8 1-0

[Event "Late-Titled-Tuesday-Blitz-January-16-2024"]
[Site "Chess.com"]
[Date "2024.01.16"]
[Round "9"]
[White "DeArron_Fox"]
[Black "NMJeevanK"]
[Result "0-1"]
[WhiteElo "2457"]
[BlackElo "2586"]
[TimeControl "180+1"]
[EndTime "15:47:01 PST"]
[Termination "NMJeevanK won by resignation"]

1. d4 d5 2. c4 e5 3. dxe5 d4 4. Nf3 Nc6 5. Nbd2 Nge7 6. Nb3 Nf5 7. e4 dxe3 8. Qxd8+ Kxd8 9. Bxe3 Nxe3 10. fxe3 Bb4+ 11. Kf2 Bg4 12. a3 Be7 13. Rd1+ Kc8 14.
Nbd4 Nxe5 15. Nxe5 Bxd1 16. Bd3 Ba4 17. Bf5+ Kb8 18. b3 Be8 19. Rd1 Bd6 20. Nef3 g6 21. Bh3 f5 22. b4 b6 23. c5 bxc5 24. bxc5 Bxc5 25. Rb1+ Bb6 26. Ne5 Kc8 27. Ndc6 Bxc6 28.
Nxc6 Kd7 29. Ne5+ Ke6 30. Nd3 Rhd8 31. Nf4+ Kf6 32. Kf3 Rd2 33. g4 fxg4+ 34. Bxg4 Re8 35.
Rb3 Rxh2 36. Rc3 Rd2 37. Rc6+ Rd6 38. Rc3 h5 39. Bh3 Re5 40. e4 Kg5 41. Nd5 Rexd5 42.
exd5 Rxd5 43. Bf1 Rc5 44. Rd3 Rf5+ 45. Kg2 Rf2+ 46. Kg1 Rd2+ 47. Kh1 Rxd3 48. Bxd3 Kf6 49. Kg2 g5 50. Kf3 Bc5 51. a4 g4+ 52. Ke4 Kg5 53.
Kd5 Bd6 54. Kc6 h4 55. a5 Kf4 56. Kb7 g3 57. Bf1 Bc5 58. Kxc7 Kf3 59. Kc6 Be3 60. Bh3 g2 61. Bxg2+ Kxg2 0-1

[Event "Late-Titled-Tuesday-Blitz-January-16-2024"]
[Site "Chess.com"]
[Date "2024.01.16"]
[Round "9"]
[White "Bala-Afiada"]
[Black "MasterofMasters2006"]
[Result "0-1"]
[WhiteElo "2049"]
[BlackElo "2255"]
[TimeControl "180+1"]
[EndTime "15:47:01 PST"]
[Termination "MasterofMasters2006 won by checkmate"]

1. d4 Nf6 2. c4 e6 3. g3 d5 4. Nf3 dxc4 5. Qa4+ Bd7 6. Qxc4 Bc6 7.
Bg2 Nbd7 8. O-O Be7 9. Nc3 O-O 10. Bf4 Nb6 11. Qb3 h6 12. Rad1 a5 13. Rfe1 a4 14. Qc2 Nbd5 15. Bc1 Nb4 16. Qb1 Nbd5 17. e4 Nxc3 18.
bxc3 Nxe4 19. Rxe4 Bxe4 20. Qxe4 c6 21. Qg4 Kh8 22.
Ne5 Bf6 23. Ba3 Be7 24. Bc1 Bf6 25. Bxh6 gxh6 26. Qh5 Kg7 27. Ng4 Rh8 28. Be4 Ra5 29.
Qh3 Rg5 30. Rd3 Be7 31. Rf3 f5 32. Ne5 Bf6 33. Bc2 Bxe5 34. dxe5 Qd2 35. Bxa4 Qe1+ 36. Kg2 Qe4 37. Bd1 Qxe5 38. Rd3 Qf6 39. Rd7+ Kg6 40.
Bc2 Rd8 41. Rxd8 Qxd8 42. Qh4 Qd5+ 43. f3 Qd2+ 44. Kh3 Qxc2 45. f4 Rg4 46. Qe7 Qe4 47. Qe8+ Kg7 48. Qe7+ Kh8 49. Qf8+ Kh7 50. Qf7+ Rg7 51.
Qf6 Qf3 52. Qh4 Qf1# 0-1

[Event "Late-Titled-Tuesday-Blitz-January-16-2024"]
[Site "Chess.com"]
[Date "2024.01.16"]
[Round "9"]
[White "Sargsyan_Shant"]
[Black "MITerryble"]
[Result "1-0"]
[WhiteElo "2898"]
[BlackElo "3017"]
[TimeControl "180+1"]
[EndTime "15:47:02 PST"]
[Termination "Sargsyan_Shant won on time"]

1. c4 b6 2. d4 Bb7 3. Nc3 e6 4. a3 f5 5. Nf3 Nf6 6. d5 g6 7. g3 Qe7 8. Bf4 d6 9. dxe6 Bxf3 10.
exf3 Qxe6+ 11. Be2 Bg7 12. O-O O-O 13. Re1 Nbd7 14.
Nb5 Rfc8 15. Rc1 Qf7 16. c5 Nxc5 17. Bxd6 cxd6 18. Nxd6 Qf8 19. b4 Rd8 20. bxc5 Kh8 21.
Qb3 Rd7 22. Bb5 Rc7 23. Bc4 h6 24. cxb6 axb6 25. Nf7+ Kh7 26. Ne5 Rxa3 27. Qxb6 Re7 28. f4 Ra8 29. Bf1 Rb8 30. Qc6 Rbe8 31. Red1 Re6 32.
Qb7 R8e7 33. Qb3 Ne4 34. Bc4 Rd6 35. Nf3 Rxd1+ 36. Rxd1 Qc8 37. Rc1 Qa8 38. Bd5 Qa7 39. Qc2 Nf6 40. Bc4 Ng4 41. h3 Nf6 42. Kg2 Ne4 43.
Bd3 Nf6 44. Bxf5 gxf5 45. Qxf5+ Kg8 46. Rc8+ Kf7 47. Ne5+ Rxe5 48. fxe5 Qb7+ 49. Kh2 Qd5 50. Rc7+ Kg8 51. Rxg7+ Kxg7 52. exf6+ 1-0